AoeStats
← ecerva.27

Lombardia

510257936Analyzed
3v3 RM · 2d ago on Sep 30, 2026· 53m 20s· 6 players
Game mode
Random Map
Map size
Normal (6 player)
Population
200
Speed
Normal
Resources
Standard
Victory
Conquest
Starting age
Dark Age
Ending age
Imperial Age
RankedLock teamsTeams togetherTeam positionsShared explorationLock speedFull tech treeHidden civsTurbo modeCheats
Victory
Defeat
🇺🇸 Saracens · United States
1271
+17
🇮🇹 Danes · Italy
1269
+17
🇲🇽 Saxons · Mexico
1251
+17
🇺🇸 Magyars · United States
1309
-18
🇺🇸 Japanese · United States
1287
-17
🇺🇸 Danes · United States
1270
-16
ecerva.27
10:34 Feudal Age
10:18 Loom
14:30 Castle Age
14:56 Crossbowman
21:11 Double-Bit Axe
22:54 Fletching
25:16 Horse Collar
30:38 Thumb Ring
31:38 Heavy Plow
32:32 Bow Saw
32:31 Bodkin Arrow
35:09 Wheelbarrow
35:12 Gold Mining
39:02 Imperial Age
39:05 Hand Cart
39:18 Arson
39:34 Squires
39:19 Gambesons
40:04 Conscription
39:08 Shield Wall
39:13 Elite Varangian Guard
40:12 Scale Mail Armor
40:27 Capped Ram
43:05 Two-Man Saw
41:30 Pikeman
43:34 Gold Shaft Mining
43:49 Chain Mail Armor
43:47 Forging
45:25 Plate Mail Armor
45:34 Iron Casting
45:34 Siege Ram
47:41 Bracer
48:07 Elite Hearth Troop
Maverick8564
9:15 Feudal Age
9:43 Double-Bit Axe
12:56 Fletching
21:07 Castle Age
19:12 Horse Collar
21:59 Bow Saw
22:09 Bodkin Arrow
22:06 Crossbowman
25:10 Heavy Plow
26:39 Wheelbarrow
28:18 Gold Mining
28:42 Husbandry
29:32 Scale Barding Armor
30:47 Stone Mining
31:22 Hand Cart
30:52 Loom
30:53 Town Watch
34:22 Imperial Age
32:21 Scale Barding Armor
32:26 Forging
32:38 Bloodlines
34:38 Chain Barding Armor
34:53 Iron Casting
34:57 Coinage
35:27 Conscription
35:42 Ballistics
36:22 Chemistry
35:36 Elite Mameluke
37:18 Counterweights
39:23 Hoardings
42:34 Masonry
42:29 Siege Engineers
47:00 Caravan
47:30 Banking
47:00 Caravan
47:40 Banking
47:12 Arson
Janez
7:01 Loom
12:10 Feudal Age
14:16 Town Watch
21:53 Castle Age
20:14 Double-Bit Axe
20:25 Horse Collar
21:31 Stone Mining
23:28 Bow Saw
24:05 Stone Shaft Mining
25:59 Wheelbarrow
27:38 Hand Cart
28:21 Gold Mining
30:12 Gold Shaft Mining
31:55 Squires
31:41 Arson
31:42 Gambesons
35:17 Imperial Age
33:27 Heavy Plow
35:08 Scale Mail Armor
36:28 Conscription
36:57 Town Patrol
37:47 Chain Mail Armor
37:42 Forging
37:17 Hamask
37:49 Elite Jomsviking
40:00 Plate Mail Armor
40:05 Iron Casting
43:01 Fletching
43:12 Padded Archer Armor
44:13 Blast Furnace
43:12 Elite Varangian Guard
44:50 Heavy Mounted Crossbowman
44:51 Cranequins
49:31 Bodkin Arrow
49:09 Northmen's Fury
KbzaSFC
2:33 Loom
2:51 Loom
9:02 Feudal Age
8:27 Loom
10:31 Double-Bit Axe
11:26 Horse Collar
17:27 Scale Barding Armor
20:53 Castle Age
23:21 Bow Saw
24:37 Wheelbarrow
25:35 Stone Mining
29:52 Chain Barding Armor
29:41 Heavy Plow
31:52 Corvinian Army
33:02 Bloodlines
32:52 Husbandry
34:18 Hand Cart
36:44 Imperial Age
34:51 Town Watch
34:59 Gold Mining
37:57 Conscription
37:41 Elite Magyar Huszar
38:58 Plate Barding Armor
38:40 Caravan
39:35 Heavy Scorpion
41:11 Fletching
42:25 Chemistry
41:55 Elite Skirmisher
42:59 Ballistics
43:10 Padded Archer Armor
44:03 Masonry
44:56 Leather Archer Armor
46:51 Light Cavalry
50:20 Ring Archer Armor
49:34 Treadmill Crane
51:14 Bodkin Arrow
İmparator İlletyus
10:20 Loom
12:05 Feudal Age
16:29 Castle Age
14:40 Double-Bit Axe
15:30 Horse Collar
17:50 Bow Saw
17:49 Heavy Plow
25:41 Wheelbarrow
25:57 Squires
25:43 Gambesons
25:43 Arson
26:05 Scale Mail Armor
26:16 Forging
26:05 Town Watch
26:46 Gold Mining
27:46 Stone Mining
29:22 Hand Cart
32:48 Imperial Age
31:31 Chain Mail Armor
31:52 Iron Casting
33:15 Elite Varangian Guard
33:54 Hamask
34:55 Conscription
38:02 Plate Mail Armor
38:33 Blast Furnace
37:39 Caravan
49:01 Onager
Keif
7:25 Loom
9:53 Feudal Age
9:56 Man-at-Arms
10:30 Double-Bit Axe
15:13 Horse Collar
19:18 Castle Age
17:56 Gold Mining
20:13 Bow Saw
20:11 Fletching
20:22 Padded Archer Armor
21:26 Bodkin Arrow
26:21 Leather Archer Armor
27:25 Ballistics
27:50 Thumb Ring
30:27 Husbandry
30:37 Bloodlines
32:09 Wheelbarrow
36:08 Imperial Age
34:18 Hand Cart
34:57 Gold Shaft Mining
34:06 Elite Skirmisher
35:09 Heavy Plow
35:11 Caravan
35:21 Town Watch
36:52 Bracer
37:54 Chemistry
37:54 Parthian Tactics
39:07 Masonry
45:34 Two-Man Saw
49:25 Ring Archer Armor
Connection lost

Rejoining the realm…

Still unreachable

The connection could not be restored.

Session expired

The server has moved on; the page needs a fresh start.